 Dungeon Crawl Stone Soup version 0.31-a0-152-g6aa68a64a1 (webtiles) character file.

Game seed: 7755054411105190428

61 qw the Shooter (level 3, 0/31 HPs)
             Began as a Minotaur Hunter on June 9, 2023.
             Slain by Grinder (7 damage)
             ... on level 3 of the Dungeon.
             The game lasted 00:00:32 (1500 turns).

qw the Shooter (Minotaur Hunter)                    Turns: 1500, Time: 00:00:32

Health: 0/31       AC:  5    Str: 15    XL:     3   Next: 83%
Magic:  2/2        EV: 11    Int:  6    God:
Gold:   67         SH:  0    Dex: 15    Spells: 2/2 levels left

rFire   . . .        Y - +0 orcbow
rCold   . . .        (shield currently unavailable)
rNeg    . . .        d - +0 ring mail
rPois   .            (helmet restricted)
rElec   .            (no cloak)
rCorr   .            (no gloves)
SInv    .            (no boots)
Will    .....        f - amulet of faith
Stlth   +            (no ring)
HPRegen 0.25/turn    (no ring)
MPRegen 0.08/turn

%: faith
@: no status effects
A: horns 2, retaliatory headbutt
a: no special abilities


You were on level 3 of the Dungeon.
You visited 1 branch of the dungeon, and saw 3 of its levels.

You collected 67 gold pieces.


Innate Abilities, Weirdness & Mutations

You have a pair of horns on your head.
You reflexively headbutt those who attack you in melee.


   Skills:
 - Level 3.0 Fighting
 - Level 5.7 Ranged Weapons
 + Level 0.6 Armour
 - Level 2.1 Dodging
 - Level 0.7 Stealth


You had 2 spell levels left.
You didn't know any spells.
Your spell library was empty.

Inventory:

Hand Weapons
 Y - a +0 orcbow (weapon)
Armour
 d - a +0 ring mail (worn)
Jewellery
 f - an amulet of faith (around neck)
Scrolls
 k - a scroll of identify
Potions
 e - a potion of attraction {unknown}
 g - a potion of curing {unknown}
 h - a potion of might {unknown}

Dungeon Overview and Level Annotations

Branches:
Dungeon (3/15)

Altars:
Yredelemnul

Annotations:
D:3 Grinder


Message History

You shoot an arrow.
The arrow barely misses the giant cockroach.
The giant cockroach bites you. The giant cockroach misses you.
You shoot an arrow. The arrow hits the giant cockroach.
You kill the giant cockroach!
You start resting.
HP restored.
Done exploring.
(D) Dungeon
Where to? (* - list waypoints, Enter - D:3, ? - help)
What level of the Dungeon? (default 1, ? - help)
You climb downwards.
There is a stone staircase leading up here.
Grinder and a goblin come into view.
Found a stone staircase leading down.
Grinder shouts!
The goblin shouts!
You shoot an arrow. The arrow closely misses the goblin.
The arrow closely misses Grinder.
You shoot an arrow. The arrow hits the goblin.
The goblin is severely wounded.
The goblin barely misses you.
You shoot an arrow. The arrow closely misses the goblin.
The goblin hits you but does no damage.
You shoot an arrow. The arrow closely misses the goblin.
The goblin hits you with a +0 dagger. Grinder hits you.
You writhe in agony.
The goblin hits you with a +0 dagger.
You shoot an arrow. The arrow hits the goblin.
You kill the goblin!
Grinder gestures at you. Pain shoots through your body!
You shoot an arrow. The arrow closely misses Grinder.
Grinder hits you.
You shoot an arrow. The arrow closely misses Grinder.
Grinder misses you. You furiously retaliate!
You headbutt Grinder. Grinder hits you but does no damage.
You shoot an arrow.
The arrow hits Grinder but does no damage.
Grinder is lightly wounded.
Grinder hits you!
You die...

# # #.#. .#
.>.#######...
...........
#.5)......
#.@# #..#
###.###..#
.........#
....####.#
########.#
##...##.#
##...<.#.#
#........#


You could see Grinder.

Vanquished Creatures
  2 worms (D:2)
  A dart slug (D:2)
  An orc (D:2)
  8 endoplasms
  2 giant cockroaches (D:2)
  4 goblins
  A hobgoblin (D:1)
  3 jackals (D:1)
  4 kobolds
  2 quokkas (D:2)
  9 ball pythons
  7 bats
  A frilled lizard (D:1)
  4 rats
49 creatures vanquished.

Notes
Turn   | Place    | Note
-------+----------+-------------------------------------------
     0 | D:1      | qw the Minotaur Hunter began the quest for the Orb.
     0 | D:1      | Reached XP level 1. HP: 18/18 MP: 0/0
     0 | D:1      | 0 ||| qw: Version: 0.2-a-122-gbc61b45
     0 | D:1      | 0 ||| qw: Game counter: 3405
     0 | D:1      | 0 ||| qw: Always use a shield: true
     0 | D:1      | 0 ||| qw: God list: Okawaru
     0 | D:1      | 0 ||| qw: Allow faded altars: false
     0 | D:1      | 0 ||| qw: Do Orc after D:15 true
     0 | D:1      | 0 ||| qw: Do second Lair branch before Depths: true
     0 | D:1      | 0 ||| qw: Lair rune preference: random
     0 | D:1      | 0 ||| qw: Plans: Normal
     0 | D:1      | 0 ||| PLANNING D:1-11
   207 | D:1      | Reached XP level 2. HP: 25/25 MP: 1/1
   240 | D:1      | Reached skill level 5 in Ranged Weapons
   308 | D:1      | Reached skill level 3 in Fighting
   720 | D:1      | 720 ||| UPGRADING to amulet of faith.
   725 | D:1      | 725 ||| DROPPING amulet of magic regeneration.
   726 | D:1      | 726 ||| READING scroll labelled ZUMIAN XIJIBB.
   727 | D:1      | 727 ||| DROPPING scroll of butterflies.
   771 | D:2      | Found a basalt altar of Yredelemnul.
   795 | D:2      | Reached XP level 3. HP: 31/31 MP: 2/2
  1260 | D:2      | 1260 ||| SWAPPING to +0 orcbow.
  1264 | D:2      | 1264 ||| DROPPING +0 shortbow.
  1349 | D:2      | 1349 ||| UPGRADING to +0 ring mail.
  1359 | D:2      | 1359 ||| DROPPING +0 leather armour.
  1360 | D:2      | 1360 ||| DROPPING +6 ring of intelligence.
  1361 | D:2      | 1361 ||| DROPPING ring of flight.
  1362 | D:2      | 1362 ||| READING 2 scrolls labelled FUQO OCEAPSEORPH.
  1363 | D:2      | 1363 ||| READING scroll labelled MYOSTR WENN.
  1364 | D:2      | 1364 ||| READING scroll labelled MUNOGA XOPRON.
  1386 | D:3      | 1386 ||| STAIRDANCE
  1492 | D:3      | Noticed Grinder
  1497 | D:3      | HP: 7/31 [Grinder/nerve-wracking pain (9)]
  1500 | D:3      | Slain by Grinder

Levels and vault maps discovered:
D:1:      evilmike_arrival_plus, layout_basic
D:2:      layout_loops_cross, basic_altar
D:3:      layout_loops_ring, grunt_temple_overflow_opulence,
          wander_ebering_terrifying_dragon_lair, uniq_jessica, uniq_grinder

Skill      XL: |  1  2 |
---------------+-------+-----
Ranged Weapons | 5 |  5.7
Fighting       | 3 |  3.0
Armour         | |  0.6
Dodging        | |  2.1
Stealth        | |  0.7

Action                     || total
---------------------------++-------
   Fire: Shortbow          ||    96
         Orcbow            ||    24
    Use: Scroll            ||     4
 Armour: Leather armour    ||     8
         Ring mail         ||     4
  Dodge: Dodged            ||    25

Table legend:
 A = Non-vault XP
 B = Vault XP
 C = Vault XP percentage of total XP
 D = Non-vault monster count
 E = Vault monster count
 F = Vault count percentage of total count
                 A         B        C        D         E       F
            +---------+---------+-------+---------+---------+-------
      Total |      88 |       0 |   0.0 |      49 |       0 |   0.0
            +---------+---------+-------+---------+---------+-------
        D:1 |      37 |       0 |   0.0 |      24 |       0 |   0.0
        D:2 |      49 |       0 |   0.0 |      24 |       0 |   0.0
        D:3 |       2 |       0 |   0.0 |       1 |       0 |   0.0
            +---------+---------+-------+---------+---------+-------
